[Event "42nd Olympiad Baku 2016 Open"]
[Site "Baku"]
[Date "2016.09.06"]
[Round "5.16"]
[White "Bazil, Joslin"]
[Black "Adricula, Noel A"]
[Result "1-0"]
[ECO "D37"]
[WhiteElo "1878"]
[BlackElo "1656"]
[Annotator ""]
[PlyCount "81"]
[EventDate "2016.??.??"]
[EventType "team-tourn"]
[EventCountry "AZE"]
[SourceTitle "playchess.com"]
[Source "ChessBase"]
[WhiteTeam "Haiti"]
[BlackTeam "Fiji"]
[WhiteTeamCountry "HAI"]
[BlackTeamCountry "FIJ"]
[TimeControl "40/5400+30:1800+30"]

1. d4 {(00:00)} d5 {(00:00)} 2. c4 {(00:00)} e6 {(
00:00)} 3. Nc3 {(00:09)} Nf6 {(00:47)} 4. Nf3 {(01:26)}
Be7 {(01:21)} 5. e3 {(02:51)} O-O {(01:03)} 6. Be2 {
(00:10)} dxc4 {(01:46)} 7. O-O {(00:53)} a6 {(00:
29)} 8. Bxc4 {(00:52)} b6 {(03:17)} 9. Qe2 {(00:38)} Bb7 {
(01:19)} 10. Rd1 {(00:25)} Nbd7 {(05:18)} 11. a3 {(
02:00)} Kh8 {(02:20)} 12. e4 {(01:41)} Qc8 {(02:30)} 13.
Bg5 {(07:44)} Ng8 {(09:57)} 14. Rac1 {(06:12)} Bxg5 {
(00:33)} 15. Nxg5 {(01:04)} Qe8 {(14:14)} 16. Qh5 {
(11:22)} Nh6 {(00:15)} 17. e5 {(01:53)} f6 {(04:14]
} 18. Qxe8 {(00:56)} Rfxe8 19. Nxe6 Rac8 {(04:06)} 20. f4 {
(00:58)} b5 {(01:53)} 21. Ba2 {(01:22)} Nf5 {(00:
22)} 22. b4 {(08:01)} h6 {(08:58)} 23. Nc5 {(01:57)} Nxc5
{(00:44)} 24. bxc5 {(00:01)} Rcd8 {(01:15)} 25. Ne2 {
(00:25)} Bd5 {(07:41)} 26. Bxd5 {(01:14)} Rxd5 {(
00:14)} 27. g4 {(00:18)} Ne3 {(00:44)} 28. Rd3 {(00:18)}
Nxg4 {(00:16)} 29. h3 {(00:33)} fxe5 {(09:00)} 30. hxg4 {
(00:37)} exf4 {(00:49)} 31. Kf2 {(02:37)} g5 {(00:
48)} 32. Nc3 {(00:21)} Rd7 {(00:41)} 33. Re1 {(02:15)} Rf8
{(00:57)} 34. Re6 {(00:21)} Kg7 {(00:17)} 35. Rxa6 {
(00:36)} Rb8 {(00:45)} 36. d5 {(02:45)} b4 {(00:33]
} 37. axb4 {(00:31)} Rxb4 {(00:07)} 38. Kf3 {(01:46)} Rb2
{(01:42)} 39. d6 {(00:41)} Rh2 {(00:26)} 40. Ke4 {(
00:20)} Rg2 {(03:34)} 41. Ra7 1-0

[Event "42nd Olympiad Baku 2016 Open"]
[Site "Baku"]
[Date "2016.09.06"]
[Round "5.16"]
[White "Becham, Khalid"]
[Black "Min, Po-Yen"]
[Result "1-0"]
[ECO "C18"]
[WhiteElo "2134"]
[BlackElo "1842"]
[Annotator ""]
[PlyCount "161"]
[EventDate "2016.??.??"]
[EventType "team-tourn"]
[EventCountry "AZE"]
[SourceTitle "playchess.com"]
[Source "ChessBase"]
[WhiteTeam "Morocco"]
[BlackTeam "Taiwan"]
[WhiteTeamCountry "MAR"]
[BlackTeamCountry "TPE"]
[TimeControl "40/5400+30:1800+30"]

1. e4 {(00:00)} e6 {(00:00)} 2. d4 {(00:00)} d5 {(
00:00)} 3. Nc3 {(00:00)} Bb4 {(00:00)} 4. e5 {(00:00)} Ne7
{(00:00)} 5. a3 {(01:27)} Bxc3+ {(00:06)} 6. bxc3 {
(00:02)} c5 {(00:27)} 7. Qg4 {(02:29)} Qc7 {(00:14]
} 8. Qxg7 {(01:33)} Rg8 {(00:07)} 9. Qxh7 {(00:02)} cxd4 {
(00:13)} 10. Ne2 {(00:04)} Nbc6 {(00:07)} 11. f4 {(
00:13)} dxc3 {(00:07)} 12. Qd3 {(01:19)} Bd7 {(00:12)} 13.
Ng3 {(05:03)} Na5 {(17:38)} 14. Be2 {(01:36)} a6 {(
08:49)} 15. a4 {(05:16)} b5 {(10:58)} 16. Ba3 {(03:52)}
Qc4 {(29:00)} 17. Qe3 {(13:36)} Qxa4 {(08:58)} 18. Bxe7 {
(04:23)} Qxa1+ 19. Kf2 Qxh1 {(13:10)} 20. Nxh1 {(00:08)}
Kxe7 {(00:04)} 21. Qxc3 {(01:38)} Nc4 {(01:02)} 22. Qb4+ {
(00:09)} Kd8 {(00:24)} 23. Bh5 {(01:42)} a5 {(00:
44)} 24. Qc5 {(00:27)} Be8 {(04:05)} 25. f5 {(00:22)} Nxe5
{(02:09)} 26. Qd6+ {(06:07)} Nd7 {(00:05)} 27. fxe6 {
(00:11)} fxe6 {(00:11)} 28. Qxe6 {(00:11)} Rf8+ {(
00:57)} 29. Bf3 {(00:01)} Bf7 {(00:45)} 30. Qc6 {(00:10)}
Rb8 {(00:49)} 31. Qa6 {(00:15)} a4 {(00:16)} 32. Ng3 {
(00:19)} Bg8 {(02:54)} 33. Ne2 {(00:20)} Rb6 {(00:
40)} 34. Qa5 {(01:10)} Bh7 {(00:49)} 35. Nd4 {(00:04)}
Rff6 {(00:46)} 36. Nxb5 {(02:32)} Bxc2 {(00:09)} 37. Nc3 {
(00:05)} Bb3 {(00:58)} 38. h4 {(01:25)} d4 {(00:26]
} 39. Ne4 {(04:16)} Rh6 {(00:36)} 40. g4 {(00:00)} Ke8 {
(00:00)} 41. g5 {(02:17)} Rxh4 {(11:57)} 42. Nf6+ {
(02:13)} Rxf6 {(00:23)} 43. gxf6 {(00:02)} Rf4 {(
00:33)} 44. Qh5+ {(01:08)} Bf7 {(04:43)} 45. Qh8+ {(00:37]
} Nf8 {(00:05)} 46. Kg3 {(00:04)} Rxf3+ {(00:35)} 47. Kxf3
{(00:05)} a3 {(00:04)} 48. Qh2 {(01:33)} a2 {(09:
11)} 49. Qc7 {(04:14)} Bd5+ {(01:33)} 50. Ke2 {(00:56)}
Ng6 {(00:52)} 51. Qa7 {(00:58)} Be6 {(02:56)} 52. Kd2 {
(02:03)} d3 {(01:04)} 53. Kc3 {(00:22)} Bf7 {(01:
21)} 54. Kxd3 {(03:43)} Ne5+ {(00:48)} 55. Ke4 {(00:04)}
Nc6 {(00:23)} 56. Qa3 {(05:05)} Kd7 {(00:22)} 57. Qc3 {
(00:55)} Kd6 {(00:40)} 58. Kf5 {(00:18)} Nd8 {(00:
57)} 59. Qd4+ {(01:48)} Kc7 {(00:28)} 60. Qe5+ {(00:12)}
Kc6 {(00:34)} 61. Ke4 {(01:37)} Kb6 {(00:55)} 62. Qb2+ {
(00:37)} Kc7 {(00:20)} 63. Kf5 {(01:21)} Kd6 {(00:
19)} 64. Kg5 {(00:19)} Kc6 {(00:46)} 65. Kh6 {(00:05)} Kd6
{(00:05)} 66. Kg7 {(00:08)} Kc6 {(01:21)} 67. Kf8 {
(00:04)} Kd7 {(00:26)} 68. Qd4+ {(00:13)} Ke6 {(00:
50)} 69. Qb2 {(01:00)} Kd7 {(00:11)} 70. Qd4+ {(03:10)}
Ke6 {(00:06)} 71. Kg7 {(00:04)} Kf5 {(00:38)} 72. Qd3+ {
(01:25)} Ke5 {(00:41)} 73. Qc3+ {(00:06)} Kf5 {(00:
25)} 74. Kf8 {(00:22)} Ke6 {(00:29)} 75. Qb2 {(00:10)} Kd7
{(00:18)} 76. Qa3 {(00:19)} Kc7 {(01:15)} 77. Ke7 {
(00:18)} Be6 {(00:29)} 78. Qa5+ {(00:01)} Kb7 {(00:
27)} 79. Kxd8 {(00:02)} Bf7 {(00:23)} 80. Ke7 {(00:10)}
Bc4 {(00:21)} 81. f7 {(00:07)} 1-0

[Event "42nd Olympiad Baku 2016 Open"]
[Site "Baku"]
[Date "2016.09.06"]
[Round "5.17"]
[White "Beliavsky, Alexander G"]
[Black "Navara, David"]
[Result "1/2-1/2"]
[ECO "E52"]
[WhiteElo "2602"]
[BlackElo "2742"]
[Annotator ""]
[PlyCount "67"]
[EventDate "2016.??.??"]
[EventType "team-tourn"]
[EventCountry "AZE"]
[SourceTitle "playchess.com"]
[Source "ChessBase"]
[WhiteTeam "Slovenia"]
[BlackTeam "Czech Republic"]
[WhiteTeamCountry "SLO"]
[BlackTeamCountry "CZE"]
[TimeControl "40/5400+30:1800+30"]

1. d4 {(00:00)} Nf6 {(00:00)} 2. c4 {(00:00)} e6 {(
00:00)} 3. Nc3 {(00:00)} Bb4 {(00:00)} 4. e3 {(00:00)} O-O
{(01:58)} 5. Bd3 {(00:34)} d5 {(01:02)} 6. Nf3 {(
00:41)} b6 {(01:21)} 7. O-O {(00:46)} Bb7 {(00:08)} 8.
cxd5 {(00:14)} exd5 {(00:10)} 9. a3 {(00:15)} Bd6 {
(00:11)} 10. b4 {(00:09)} a6 {(00:12)} 11. Qb3 {(
00:41)} Qe7 {(00:16)} 12. Ra2 {(04:51)} Nbd7 {(00:23)} 13.
Re2 {(04:04)} b5 {(02:18)} 14. a4 {(18:51)} Bxb4 {(
20:32)} 15. axb5 {(01:07)} axb5 {(00:15)} 16. Nxb5 {(01:
17)} c6 {(00:09)} 17. Rb2 {(12:38)} Ba5 {(00:26)} 18. Nc3
{(00:07)} Ba6 {(04:36)} 19. Bxa6 {(04:06)} Rxa6 {(
00:23)} 20. Ne2 {(03:59)} Rb8 {(10:23)} 21. Qd3 {(03:14)}
Rab6 {(02:50)} 22. Rc2 {(01:46)} Ne4 {(06:05)} 23. Qa3 {
(08:03)} Bb4 {(04:13)} 24. Qa4 {(04:44)} Qe8 {(01:
06)} 25. Ra2 {(03:08)} Rb5 {(15:19)} 26. Qc2 {(01:22)} Nb6
{(00:10)} 27. Bd2 {(03:56)} Nc4 {(04:33)} 28. Bxb4 {
(04:23)} Rxb4 {(00:09)} 29. Ng3 {(05:58)} Rb2 {(00:
39)} 30. Rxb2 {(00:34)} Rxb2 {(00:09)} 31. Qa4 {(02:28)}
Nc3 {(06:58)} 32. Qa7 {(01:39)} h5 {(01:57)} 33. Qc7 {
(03:22)} g6 {(02:11)} 34. Qf4 {(00:50)} 1/2-1/2

[Event "42nd Olympiad Baku 2016 Open"]
[Site "Baku"]
[Date "2016.09.06"]
[Round "5.18"]
[White "Bello, Gassan"]
[Black "Adebo, Muhaba Detamo"]
[Result "0-1"]
[ECO "C18"]
[WhiteElo "2096"]
[BlackElo "1944"]
[Annotator ""]
[PlyCount "134"]
[EventDate "2016.??.??"]
[EventType "team-tourn"]
[EventCountry "AZE"]
[SourceTitle "playchess.com"]
[Source "ChessBase"]
[WhiteTeam "Syria"]
[BlackTeam "Ethiopia"]
[WhiteTeamCountry "SYR"]
[BlackTeamCountry "ETH"]
[TimeControl "40/5400+30:1800+30"]

1. e4 {(00:00)} e6 {(00:00)} 2. d4 {(00:00)} d5 {(
00:00)} 3. Nc3 {(00:00)} Bb4 {(00:31)} 4. e5 {(00:05)} c5
{(00:45)} 5. a3 {(00:27)} Bxc3+ {(00:31)} 6. bxc3 {
(00:09)} Qa5 {(00:09)} 7. Bd2 {(00:07)} Qa4 {(00:
39)} 8. Qb1 {(01:36)} c4 {(00:12)} 9. f4 {(05:03)} Ne7 {
(00:22)} 10. Nf3 {(01:48)} Nbc6 {(00:16)} 11. Be2 {
(00:28)} Bd7 {(05:32)} 12. O-O {(00:16)} O-O-O {(
00:35)} 13. Ra2 {(02:04)} h6 {(04:14)} 14. Qe1 {(12:10)}
Rdg8 {(05:35)} 15. Kh1 {(09:33)} Nd8 {(05:59)} 16. g4 {
(06:05)} f5 {(10:02)} 17. Rg1 {(12:31)} g6 {(03:13]
} 18. Qb1 {(10:27)} Ndc6 {(07:02)} 19. g5 {(01:11)} Rg7 {
(06:56)} 20. gxh6 {(02:26)} Rxh6 {(01:42)} 21. Ng5 {
(00:27)} b6 {(15:58)} 22. Rg3 {(03:24)} Qa6 {(13:
31)} 23. Qf1 {(00:39)} Kb8 {(01:39)} 24. Rh3 {(00:09)}
Rxh3 {(00:29)} 25. Qxh3 {(00:02)} Qc8 {(00:03)} 26. Ra1 {
(01:14)} Rg8 {(01:14)} 27. Qf3 {(03:13)} Qf8 {(02:
52)} 28. Rg1 {(00:18)} Rh8 {(00:22)} 29. Rg3 {(00:15)} Ng8
{(00:58)} 30. Rh3 {(00:53)} Rxh3 {(00:38)} 31. Qxh3 {
(00:02)} Qxa3 {(04:40)} 32. Qh7 {(01:50)} Nce7 {(
01:10)} 33. Kg2 {(02:48)} Qa2 {(00:55)} 34. Kf2 {(06:01)}
Qxc2 {(00:03)} 35. Ke3 {(05:14)} a5 {(00:43)} 36. Qf7 {
(00:14)} a4 {(00:30)} 37. Nxe6 {(00:22)} a3 {(02:
00)} 38. Qf8+ {(00:40)} Kb7 {(01:17)} 39. Nd8+ {(00:15)}
Kc7 {(00:01)} 40. Nf7 {(00:00)} Kb7 {(00:00)} 41. Nd6+ {
(02:53)} Ka7 {(09:39)} 42. Qd8 {(02:35)} Bc6 {(00:
35)} 43. Qc7+ {(01:15)} Ka6 {(00:02)} 44. Nc8 {(03:41)}
Nxc8 {(01:43)} 45. Qxc8+ {(01:21)} Bb7 {(00:08)} 46. Qf8 {
(03:05)} Qb2 {(01:45)} 47. Qb4 {(00:12)} Qxb4 {(08:
18)} 48. cxb4 {(00:07)} Kb5 {(00:01)} 49. Bc3 {(01:11)}
Ne7 {(00:01)} 50. Bf3 {(01:45)} Bc8 {(00:51)} 51. h4 {
(02:09)} Be6 {(00:06)} 52. h5 {(00:01)} gxh5 {(01:
06)} 53. Bxh5 {(00:02)} Ka4 {(02:23)} 54. Bd1+ {(00:07)}
Kb5 {(00:48)} 55. Bh5 {(00:00)} Bd7 {(01:49)} 56. Bf7 {
(00:44)} Ka4 {(00:48)} 57. Kd2 {(00:10)} Kb3 {(00:
15)} 58. Bh5 {(02:17)} a2 {(02:51)} 59. Bd1+ {(00:31)} Ka3
{(00:46)} 60. Bf3 {(01:40)} Be6 {(00:37)} 61. b5 {(
04:33)} Bd7 {(00:32)} 62. Ba1 {(00:17)} Bxb5 {(03:04)} 63.
Kc3 {(00:21)} Ka4 {(00:42)} 64. Kb2 {(01:04)} Kb4 {
(00:41)} 65. Kxa2 {(00:10)} c3 {(00:02)} 66. Kb1 {(
01:13)} Bd3+ {(00:10)} 67. Kc1 {(00:36)} Kc4 {(00:01)} 0-1

[Event "42nd Olympiad Baku 2016 Open"]
[Site "Baku"]
[Date "2016.09.06"]
[Round "5.7"]
[White "Ben Ammar, Mohamed"]
[Black "Mirzaad, S wahabuddin"]
[Result "1/2-1/2"]
[ECO "A04"]
[WhiteElo "1929"]
[BlackElo "2069"]
[Annotator ""]
[PlyCount "81"]
[EventDate "2016.??.??"]
[EventType "team-tourn"]
[EventCountry "AZE"]
[SourceTitle "playchess.com"]
[Source "ChessBase"]
[WhiteTeam "Tunisia"]
[BlackTeam "Afghanistan"]
[WhiteTeamCountry "TUN"]
[BlackTeamCountry "AFG"]
[TimeControl "40/5400+30:1800+30"]

1. Nf3 {(00:11)} g6 {(00:12)} 2. g3 {(00:51)} Bg7 {
(00:07)} 3. Bg2 {(00:04)} Nf6 {(00:04)} 4. O-O {(
00:20)} O-O {(00:08)} 5. c4 {(00:57)} c6 {(01:10)} 6. Nc3
{(00:24)} d5 {(00:00)} 7. cxd5 {(01:20)} cxd5 {(00:
00)} 8. d4 {(00:13)} Nc6 {(00:01)} 9. Bf4 {(00:28)} Bf5 {
(02:31)} 10. Qb3 {(11:24)} Na5 {(03:48)} 11. Qb4 {(
00:40)} Ne4 {(03:10)} 12. Rac1 {(12:41)} b6 {(05:15)} 13.
Nb5 {(06:37)} Nc4 {(22:05)} 14. b3 {(10:29)} a5 {(
02:04)} 15. Qe1 {(07:33)} Ncd6 {(02:56)} 16. Bxd6 {(07:19]
} Nxd6 {(00:19)} 17. Nc7 {(00:37)} Ra7 {(08:11)} 18. Nxd5
{(04:18)} Nb5 {(00:45)} 19. e4 {(06:16)} Be6 {(07:
51)} 20. Nc3 {(07:13)} Nxd4 {(01:03)} 21. Nxd4 {(00:01)}
Bxd4 {(00:34)} 22. Nb5 {(01:30)} Rd7 {(00:42)} 23. Qe2 {
(05:23)} Bc5 {(02:10)} 24. Rfd1 {(00:07)} Qb8 {(01:
29)} 25. Kh1 {(05:47)} Rfd8 {(00:41)} 26. f4 {(00:33)}
Rxd1+ {(01:10)} 27. Rxd1 {(00:01)} Rxd1+ {(00:26)} 28.
Qxd1 {(00:01)} Qc8 {(01:11)} 29. h4 {(07:11)} Bd7 {
(00:42)} 30. Nc3 {(01:57)} Bg4 {(03:16)} 31. Qd3 {(
01:23)} Bb4 {(01:29)} 32. Nd5 {(00:44)} Qc1+ {(00:26)} 33.
Qf1 {(00:54)} Qxf1+ {(02:43)} 34. Bxf1 {(00:01)} Bc5 {
(00:39)} 35. Kg2 {(00:50)} Kf8 {(02:14)} 36. a4 {(
00:46)} Be6 {(00:43)} 37. Bc4 {(00:22)} Bxd5 38. Bxd5 {(
00:30)} h5 {(00:30)} 39. f5 {(00:40)} Kg7 {(00:23)} 40.
fxg6 {(00:00)} fxg6 {(00:00)} 41. e5 1/2-1/2

[Event "42nd Olympiad Baku 2016 Open"]
[Site "Baku"]
[Date "2016.09.06"]
[Round "5.18"]
[White "Berend, Fred"]
[Black "Karttunen, Mika"]
[Result "0-1"]
[ECO "C70"]
[WhiteElo "2328"]
[BlackElo "2458"]
[Annotator ""]
[PlyCount "112"]
[EventDate "2016.??.??"]
[EventType "team-tourn"]
[EventCountry "AZE"]
[SourceTitle "playchess.com"]
[Source "ChessBase"]
[WhiteTeam "Luxembourg"]
[BlackTeam "Finland"]
[WhiteTeamCountry "LUX"]
[BlackTeamCountry "FIN"]
[TimeControl "40/5400+30:1800+30"]

1. e4 {(00:00)} e5 {(00:00)} 2. Nf3 {(00:00)} Nc6 {
(00:00)} 3. Bb5 {(00:00)} a6 {(00:00)} 4. Ba4 {(00:
00)} Nge7 {(00:10)} 5. c3 {(01:14)} g6 {(00:20)} 6. d4 {
(01:03)} exd4 {(00:08)} 7. cxd4 {(01:30)} b5 {(00:
41)} 8. Bb3 {(01:07)} Bg7 {(01:31)} 9. Nc3 {(15:46)} Na5
10. Bc2 {(14:49)} O-O {(01:32)} 11. Bg5 {(02:11)} h6 {
(02:42)} 12. Bh4 {(00:10)} b4 {(11:25)} 13. Ne2 {(
13:18)} d6 {(03:01)} 14. h3 {(07:24)} Bb7 {(13:10)} 15.
O-O {(07:49)} Re8 {(03:07)} 16. Rc1 {(07:49)} Nc4 {
(09:11)} 17. Bb3 {(05:40)} Nb6 {(00:17)} 18. Qd3 {(
04:51)} Qd7 {(08:10)} 19. Rfd1 {(02:26)} Nc6 {(02:51)} 20.
Nf4 {(04:10)} Na5 {(02:08)} 21. Nd5 {(02:09)} Nxd5 {
(03:42)} 22. Bxd5 {(00:03)} c6 {(00:18)} 23. Bb3 {(
00:34)} Nxb3 {(00:12)} 24. axb3 {(00:27)} a5 {(02:47)} 25.
Bg3 {(02:16)} Ba6 {(05:23)} 26. Qc2 {(00:07)} Bb5 {
(00:04)} 27. e5 {(01:22)} d5 {(01:15)} 28. Ne1 {(
00:24)} Qa7 {(03:18)} 29. f4 {(01:13)} a4 {(02:45)} 30.
bxa4 {(00:02)} b3 {(00:23)} 31. Qf2 {(00:21)} Qxa4 {
(01:41)} 32. Nd3 {(00:20)} Qa6 {(02:51)} 33. Rc3 {(
00:37)} Qc8 {(00:15)} 34. Nc5 {(01:47)} Qf5 {(00:13)} 35.
Bh2 {(00:37)} h5 {(00:26)} 36. Qf3 {(02:11)} h4 {(
00:55)} 37. Qg4 {(00:52)} Qxg4 {(02:55)} 38. hxg4 {(00:00]
} Be2 {(00:18)} 39. Rdc1 {(00:52)} Bxg4 {(00:28)} 40. Rxb3
{(00:00)} Reb8 {(00:00)} 41. Rxb8+ {(05:55)} Rxb8 {
(03:04)} 42. Rc2 {(04:05)} Bf5 {(01:30)} 43. Rd2 {(
01:05)} Bf8 44. Na4 {(04:51)} Ra8 {(11:07)} 45. Nc3 {(04:
35)} Bg4 {(00:16)} 46. Kh1 {(01:00)} Ra1+ {(00:50)} 47.
Bg1 {(00:02)} Bh6 {(03:19)} 48. Rf2 {(00:43)} Rc1 {
(01:50)} 49. Kh2 {(01:14)} Kf8 {(00:34)} 50. Na2 {(
04:12)} Rd1 {(04:05)} 51. Nb4 {(00:40)} Rxd4 {(01:05)} 52.
Nxc6 {(00:08)} Rc4 {(00:43)} 53. Na5 {(01:27)} Bxf4+ {
(06:03)} 54. Kh1 {(00:33)} Re4 {(00:25)} 55. Rc2 {(
03:48)} Re1 {(00:42)} 56. Rc3 {(00:58)} d4 {(00:20)} 0-1

[Event "42nd Olympiad Baku 2016 Open"]
[Site "Baku"]
[Date "2016.09.06"]
[Round "5.2"]
[White "Berkes, Ferenc"]
[Black "Kovalenko, Igor"]
[Result "0-1"]
[ECO "D45"]
[WhiteElo "2640"]
[BlackElo "2651"]
[Annotator ""]
[PlyCount "48"]
[EventDate "2016.??.??"]
[EventType "team-tourn"]
[EventCountry "AZE"]
[SourceTitle "playchess.com"]
[Source "ChessBase"]
[WhiteTeam "Hungary"]
[BlackTeam "Latvia"]
[WhiteTeamCountry "HUN"]
[BlackTeamCountry "LAT"]
[TimeControl "40/5400+30:1800+30"]

1. d4 {(00:00)} e6 {(00:00)} 2. c4 {(00:00)} d5 {(
00:00)} 3. Nc3 {(00:13)} c6 {(00:00)} 4. e3 {(00:13)} Nf6
{(00:00)} 5. Nf3 {(00:21)} Nbd7 {(00:00)} 6. Be2 {(
00:45)} Bd6 {(02:28)} 7. O-O {(00:08)} O-O {(00:03)} 8. b3
{(00:40)} b6 {(01:11)} 9. Bb2 {(06:13)} Bb7 {(00:
04)} 10. Qc2 {(00:58)} Qe7 {(02:08)} 11. e4 {(08:22)} dxe4
{(00:52)} 12. Nxe4 {(00:07)} Nxe4 {(00:03)} 13. Qxe4 {
(00:09)} Nf6 {(04:20)} 14. Qe3 {(02:31)} c5 {(02:
35)} 15. h3 {(06:43)} Rad8 {(00:49)} 16. Rad1 {(01:15)}
Ne4 {(07:10)} 17. Bd3 {(30:20)} f5 {(01:50)} 18. Bc2 {
(00:59)} cxd4 {(13:23)} 19. Bxd4 {(01:20)} e5 {(00:
22)} 20. Bb2 {(00:15)} Bc5 {(00:08)} 21. Rxd8 {(05:08)}
Rxd8 {(06:24)} 22. Qc1 {(10:23)} Nxf2 {(00:54)} 23. Rxf2 {
(01:44)} Bxf3 {(00:09)} 24. gxf3 {(02:18)} Qh4 {(
00:10)} 0-1

[Event "42nd Olympiad Baku 2016 Open"]
[Site "Baku"]
[Date "2016.09.06"]
[Round "5.36"]
[White "Beukes, Dante M"]
[Black "Demosthenous, Andreas"]
[Result "0-1"]
[ECO "B31"]
[WhiteElo "1612"]
[BlackElo "1983"]
[Annotator ""]
[PlyCount "106"]
[EventDate "2016.??.??"]
[EventType "team-tourn"]
[EventCountry "AZE"]
[SourceTitle "playchess.com"]
[Source "ChessBase"]
[WhiteTeam "Namibia"]
[BlackTeam "Cyprus"]
[WhiteTeamCountry "NAM"]
[BlackTeamCountry "CYP"]
[TimeControl "40/5400+30:1800+30"]

1. e4 {(00:00)} c5 {(00:00)} 2. Nf3 {(00:00)} Nc6 {
(00:00)} 3. Bb5 {(00:00)} g6 {(00:00)} 4. Bxc6 {(
00:02)} bxc6 {(00:00)} 5. O-O {(00:15)} Bg7 {(00:12)} 6.
d3 {(00:52)} Nh6 {(00:45)} 7. Re1 {(02:45)} O-O {(
00:22)} 8. Nc3 {(01:26)} d6 {(01:19)} 9. h3 {(01:02)} e5 {
(01:15)} 10. Be3 {(08:49)} f5 {(01:04)} 11. Bg5 {(
09:30)} Qe8 {(14:50)} 12. Nd2 {(07:56)} Nf7 {(16:26)} 13.
f4 {(15:32)} h6 {(02:03)} 14. Bh4 {(00:37)} g5 {(
01:02)} 15. fxg5 {(04:08)} hxg5 {(00:12)} 16. Bf2 {(01:12]
} f4 {(00:30)} 17. Nc4 {(13:58)} Qe7 {(00:57)} 18. Na4 {
(08:36)} Be6 {(10:51)} 19. Nd2 {(03:33)} g4 {(07:
21)} 20. hxg4 {(04:38)} Qg5 {(00:12)} 21. Nf3 {(01:05)}
Qxg4 {(00:07)} 22. Nh2 {(00:59)} Qg6 {(02:21)} 23. Nf3 {
(01:00)} Bf6 {(01:19)} 24. Qe2 {(02:40)} Bg4 {(03:
18)} 25. Rec1 {(01:10)} Kg7 {(01:56)} 26. Kf1 {(02:29)}
Qh5 {(02:54)} 27. Ke1 {(00:09)} Ng5 {(00:57)} 28. Kd2 {
(01:06)} Nxf3+ {(09:38)} 29. gxf3 {(00:13)} Bxf3 {(
00:04)} 30. Rg1+ {(00:39)} Kf7 {(00:17)} 31. Qf1 {(00:47)}
Rg8 {(01:14)} 32. Re1 {(02:43)} Qh2 {(01:36)} 33. Kc1 {
(00:50)} Bg2 {(04:01)} 34. Qe2 {(00:48)} Bg5 {(04:
15)} 35. Qg4 {(04:53)} Qh3 {(06:49)} 36. Qxh3 {(00:32)}
Bxh3 {(00:02)} 37. Rh1 {(00:15)} Be6 {(01:02)} 38. Rh7+ {
(00:36)} Rg7 {(00:16)} 39. Rxg7+ {(00:08)} Kxg7 {(
00:08)} 40. Rg1 {(00:00)} Kf6 {(00:00)} 41. Nc3 {(00:39)}
Rh8 {(00:47)} 42. Be1 {(02:35)} c4 {(01:26)} 43. Bd2 {
(07:04)} Rh2 {(02:11)} 44. Kd1 {(03:03)} cxd3 {(00:
28)} 45. cxd3 {(00:10)} Bc8 {(01:11)} 46. Ne2 {(03:34)}
Ba6 {(05:54)} 47. Nc1 {(00:07)} Bh4 {(01:20)} 48. Rf1 {
(01:07)} Bf2 {(02:02)} 49. b4 {(02:45)} Bb5 {(02:
52)} 50. Kc2 {(00:38)} Ba4+ {(04:28)} 51. Nb3 {(01:00)}
Bd4 {(03:53)} 52. Kc1 {(04:39)} Bxb3 {(01:20)} 53. axb3 {
(00:11)} Kg5 0-1

[Event "42nd Olympiad Baku 2016 Open"]
[Site "Baku"]
[Date "2016.09.06"]
[Round "5.19"]
[White "Ble, Kouko Hubert"]
[Black "Bukannan, Ahmed A"]
[Result "1-0"]
[ECO "C60"]
[WhiteElo "1918"]
[BlackElo "1890"]
[Annotator ""]
[PlyCount "45"]
[EventDate "2016.??.??"]
[EventType "team-tourn"]
[EventCountry "AZE"]
[SourceTitle "playchess.com"]
[Source "ChessBase"]
[WhiteTeam "CIV"]
[BlackTeam "KSA"]
[TimeControl "40/5400+30:1800+30"]

1. e4 {(00:00)} e5 {(00:00)} 2. Nf3 {(00:00)} Nc6 {
(00:00)} 3. Bb5 {(00:00)} Nge7 {(00:11)} 4. d4 {(
07:02)} exd4 {(00:07)} 5. Nxd4 {(00:16)} g6 {(00:23)} 6.
Nc3 {(04:01)} Bg7 {(01:33)} 7. Be3 {(00:17)} O-O {(
01:09)} 8. O-O {(08:36)} d6 {(01:08)} 9. Qd2 {(00:53)} a6
{(00:20)} 10. Be2 {(01:11)} f5 {(06:17)} 11. f3 {(
03:18)} b5 {(08:52)} 12. Nxc6 {(04:27)} Bxc3 {(00:31)} 13.
Qxc3 {(00:02)} Nxc6 {(00:12)} 14. Qxc6 {(00:36)} Bd7 {
(00:11)} 15. Qd5+ {(01:25)} Rf7 {(00:13)} 16. Rad1 {
(08:07)} Qe8 {(00:53)} 17. Qd4 {(00:57)} Bc6 {(00:
39)} 18. Bd3 {(02:11)} Re7 {(00:33)} 19. Bh6 {(00:55)} Bd7
{(00:46)} 20. exf5 {(00:30)} gxf5 {(00:17)} 21. Rde1 {
(02:12)} Qf7 {(00:03)} 22. Rxe7 {(00:51)} Qxe7 {(
00:01)} 23. Qd5+ {(00:23)} 1-0

[Event "42nd Olympiad Baku 2016 Open"]
[Site "Baku"]
[Date "2016.09.06"]
[Round "5.33"]
[White "Bologan, Victor"]
[Black "Wojtaszek, Radoslaw"]
[Result "1/2-1/2"]
[ECO "A06"]
[WhiteElo "2648"]
[BlackElo "2736"]
[Annotator ""]
[PlyCount "46"]
[EventDate "2016.??.??"]
[EventType "team-tourn"]
[EventCountry "AZE"]
[SourceTitle "playchess.com"]
[Source "ChessBase"]
[WhiteTeam "Moldova"]
[BlackTeam "Poland"]
[WhiteTeamCountry "MDA"]
[BlackTeamCountry "POL"]
[TimeControl "40/5400+30:1800+30"]

1. Nf3 {(00:00)} d5 {(00:00)} 2. c4 {(00:00)} e6 {(
00:12)} 3. b3 {(00:26)} Nf6 {(02:34)} 4. Bb2 {(00:40)} c5
{(02:18)} 5. e3 {(00:38)} Nc6 {(00:26)} 6. cxd5 {(
00:41)} exd5 {(00:06)} 7. Be2 {(00:12)} a6 {(09:34)} 8.
O-O {(09:33)} d4 {(06:09)} 9. exd4 {(02:22)} cxd4 {
(00:08)} 10. Re1 {(00:38)} Be7 {(00:20)} 11. Na3 {(
05:01)} O-O {(01:30)} 12. Nc4 {(00:43)} Be6 {(13:01)} 13.
Nce5 {(14:49)} Nxe5 {(01:54)} 14. Nxe5 {(00:05)} Rc8 {
(03:34)} 15. Bf3 {(05:40)} Qb6 {(02:05)} 16. Rc1 {(
00:43)} Rxc1 {(02:06)} 17. Qxc1 {(01:31)} Rd8 {(00:15)}
18. h3 {(12:47)} h6 {(08:22)} 19. Nc4 {(13:33)} Qc7 {
(03:13)} 20. Ne5 {(03:30)} Qb6 {(02:22)} 21. Nc4 {(
01:24)} Qc7 {(00:42)} 22. Ne5 {(02:55)} Qb6 {(00:07)} 23.
Nc4 {(00:20)} Qc7 1/2-1/2